Map: Kairos Junction LE

Players

CannonRusher

  • Race: Protoss Protoss
  • League: Master
  • Spawn Location: 5:00

scarlett - Winner!

  • Race: Zerg Zerg
  • League: Master
  • Spawn Location: 11:00

VOD

Have the link to the VOD?

Description

Time

  • Played on: May 31, 2019, 11:19 a.m.
  • Length: 5:54
Show
View Real Time Build Order
Export as new Build Order

CannonRusher Protoss 

Build Orders:  

Get SALT Encoding   

  12  0:01  Probe  
  13  0:13  Probe  
  14  0:19  Pylon  
  14  0:26  Probe  
  15  0:38  Probe  
  15  0:40  Forge  
  16  0:49  Pylon  
  16  1:09  Gateway  
  16  1:14  Assimilator  
  16  1:17  Photon Cannon  
  16  1:28  Photon Cannon  
  16  1:34  Probe  
  16  1:37  Assimilator  
  17  1:46  Probe  
  18  1:55  Probe  
  18  1:57  Cybernetics Core  
  19  2:03  Probe  
  19  2:12  Assimilator, Probe  
  20  2:23  Photon Cannon  
  20  2:26  Probe  
  21  2:34  Stalker  
  21  2:37  Shield Battery  
  21  2:39  Probe  
  24  2:51  Pylon  
  24  3:01  Shield Battery  
  24  3:04  Adept  
  26  3:16  Photon Cannon  
  26  3:28  Stalker  
  26  3:33  Shield Battery  
  26  3:39  Photon Cannon  
  28  3:55  Shield Battery  
  28  3:57  Stalker  
  30  4:05  Shield Battery  
  26  4:18  Stalker  
  26  4:22  Photon Cannon  
  26  4:26  Shield Battery  
  28  4:34  Photon Cannon  
  28  4:48  Photon Cannon  
  28  4:52  Pylon  
  28  5:01  Stalker  
  30  5:23  Stalker  
  30  5:24  Robotics Facility  
  32  5:40  Shield Battery  
  32  5:41  Photon Cannon  
Show
View Real Time Build Order
Export as new Build Order

scarlett Zerg - Winner!

Build Orders: Pool First 

Get SALT Encoding   

  12  0:01  Drone  
  13  0:13  Overlord  
  13  0:17  Drone  
  14  0:31  Drone x2  
  16  0:35  Drone  
  17  0:45  Extractor  
  17  0:46  Drone  
  17  0:50  Spawning Pool  
  16  0:57  Drone  
  17  1:13  Hatchery  
  16  1:19  Drone  
  17  1:26  Drone  
  18  1:37  Zergling x2, Queen  
  21  1:43  Drone  
  22  1:50  Metabolic Boost  
  22  1:56  Overlord  
  22  2:07  Roach Warren  
  21  2:11  Drone  
  22  2:18  Queen  
  22  2:22  Drone  
  25  2:25  Drone  
  26  2:38  Extractor  
  26  2:40  Drone  
  26  2:41  Drone  
  26  2:43  Overlord  
  27  2:48  Roach  
  27  2:49  Roach  
  31  2:55  Roach  
  33  3:01  Roach  
  33  3:04  Zergling x2  
  36  3:08  Ravager  
  36  3:11  Zergling x4  
  39  3:13  Ravager  
  39  3:17  Zergling x2  
  41  3:21  Overlord  
  41  3:27  Zergling x2  
  41  3:28  Zergling x2  
  41  3:31  Ravager  
  44  3:40  Roach  
  44  3:41  Zergling x4  
  48  3:51  Ravager  
  48  3:54  Zergling x6  
  47  4:10  Zergling x6  
  44  4:18  Zergling x4  
  46  4:26  Roach  
  46  4:27  Roach  
  46  4:31  Queen  
  52  4:39  Overlord  
  52  4:47  Overlord  
  52  4:58  Zergling x2  
  52  4:59  Zergling x4  
  55  5:01  Ravager x2  
  55  5:02  Roach  
  60  5:21  Roach x2  
  60  5:22  Zergling x4  
  64  5:32  Zergling x4  
  64  5:34  Ravager  
Tags
 
Add a new tag
Caveats
  • Supply blocks, unpowered buildings, or Contaminate may cause inaccurate times.
  • Supply counts are checked every 10 seconds.